cohdb
Replays
Latest Replays
All Replays
Popular Replays
Top Player Replays
Match Explorer
How It Works
Community
CoH3 Stats
Reddit
Sign in to upload your games and track your stats! →
Sign in with Steam
Match 45121767
Unlisted
Match 45121767
Overview
Messages
Build Orders
End
Kradschützen Motorcycle Team
Panzergrenadier Squad
Panzergrenadier Squad
Panzergrenadier Squad
Construct Light Support Kompanie
2.5-tonne Medical Truck
Fire Support Elements
Advanced Field Repairs
Veteran Squad Leaders
Construct Panzerarmee Kommand
Selects Armored Support Battlegroup
Selects Superior Fire Drills
Selects Vehicle Awareness
Selects Superior Fire Drills
Panzer III L Medium Tank
Selects Vehicle Awareness
Selects Panzer Storm
Vehicle Survival Package
Panzer III L Medium Tank
Pak 38 Anti-tank Gun Team
Tungsten Core Ammunition
Selects Stuka Anti-tank Loiter
Selects Stuka Anti-tank Loiter
Panzer III L Medium Tank
Rapid Advance
Panzer III L Medium Tank
MG34 Team
Panzer III L Medium Tank
Armored Reserves
MG34 Team
Panzer IV Assault Group
Loren
♠♣ Kvothe ♠♣
0
0
Comments
sign in to comment!
No comments posted yet!